 Dungeon Crawl Stone Soup version 0.30-a0-857-gcaf70739d4 (webtiles) character file.

Game seed: 9888854681436377404

1944 holysushi the Martial Artist (level 8, -2/48 HPs)
             Began as a Vampire Monk on Mar 6, 2023.
             Was an Elder of Dithmenos.
             Slain by an ogre
             ... wielding a +0 giant club
              (34 damage)
             ... on level 7 of the Dungeon.
             The game lasted 00:14:14 (8139 turns).

holysushi the Martial Artist (Vampire Monk)         Turns: 8139, Time: 00:14:14

Health: -2/48      AC:  0    Str: 10    XL:     8   Next: 98%
Magic:  8/8        EV: 25    Int: 13    God:    Dithmenos [****..]
Gold:   334        SH:  0    Dex: 23    Spells: 7/7 levels left

rFire   . . .      SeeInvis +      - Unarmed
rCold   + + .      Faith    .    (shield currently unavailable)
rNeg    + + +      Spirit   .    a - melded +1 robe
rPois   ∞          Reflect  .    (helmet currently unavailable)
rElec   .          Rampage  .    (cloak currently unavailable)
rCorr   .                        (gloves currently unavailable)
Will    .....                    (boots currently unavailable)
Stlth   +++++++++                (no amulet)
HPRegen 0.00/turn                (ring currently unavailable)
MPRegen 0.11/turn                (ring currently unavailable)

@: bat-form, flying, bloodless, inhibited regen, wreathed by umbra, very quick
A: fast, flying, no casting, tiny, bloodless, fangs 3, see invisible, vampiric 2
a: Revivify, End Transformation, Renounce Religion, Shadow Step


You were on level 7 of the Dungeon.
You worshipped Dithmenos.
Dithmenos was greatly pleased with you.
You were a vampire bat.
You visited 2 branches of the dungeon, and saw 8 of its levels.

You collected 334 gold pieces.

Inventory:

Armour
 a - a +1 robe (melded)
Jewellery
 h - a +6 ring of intelligence
Wands
 b - a wand of flame (6)
 o - a wand of digging (2)
Scrolls
 e - a scroll of fear
 g - 4 scrolls of noise
 k - 3 scrolls of teleportation
 l - a scroll of enchant weapon
 n - a scroll of poison
 p - a scroll of torment
 q - a scroll of fog
 s - 2 scrolls of enchant armour
Potions
 c - a potion of haste {unknown}
 d - a potion of magic
 f - a potion of lignification {unknown}
 i - a potion of mutation
 j - a potion of degeneration
 m - 2 potions of cancellation
 r - 2 potions of brilliance


   Skills:
 - Level 4.0 Fighting
 + Level 6.3 Dodging
 - Level 7.0 Stealth
 + Level 9.9 Unarmed Combat
 - Level 3.0 Evocations


You had 7 spell levels left.
You didn't know any spells.
Your spell library contained the following spells:

 Spells                   Type           Power      Damage    Failure   Level
 Apportation              Tloc           0%         N/A       30%         1
 Magic Dart               Conj           0%         1d3       30%         1
 Necrotise                Necr           0%         1d4       30%         1
 Summon Small Mammal      Summ           0%         N/A       30%         1
 Call Imp                 Summ           0%         N/A       43%         2
 Mephitic Cloud           Conj/Pois/Air  0%         N/A       67%         3
 Portal Projectile        Hex/Tloc       0%         N/A       67%         3
 Tukima's Dance           Hex            0%         N/A       67%         3
 Blade Hands              Tmut           0%         N/A       100%        5


Dungeon Overview and Level Annotations

Branches:
Dungeon (7/15) Zot: 26462  Temple (1/1) D:5 Zot: 5935

Altars:
Ashenzari
Cheibriados
Dithmenos
Fedhas
Gozag
Hepliaklqana
Kikubaaqudgha
Makhleb
Nemelex Xobeh
Okawaru
Ru
Sif Muna
Trog
Uskayaw
Vehumet
Wu Jian
Xom
Yredelemnul

Annotations:
D:6 exclusion: downstairs


Innate Abilities, Weirdness & Mutations

You are a vampire bat.
You are tiny and dextrous.
You move quickly.
You are flying.
You are immune to poison.
Your equipment is almost entirely melded.
You are incapable of wielding weapons or throwing items.
You cannot cast spells.
You do not regenerate when monsters are visible.
You are frail without blood (-20% HP).
You can heal yourself when you bite living creatures.
You are immune to poison.
You have razor-sharp teeth.
You have supernaturally acute eyesight. (SInv)
You are afflicted with vampirism and can become a bat while bloodless.


Message History

The sky beast is heavily wounded.
The sky beast barely misses you.
You hit the sky beast but do no damage.
The sky beast is heavily wounded.
The sky beast hits you. The sky beast shocks you.
You bite the sky beast!
The sky beast is severely wounded.
The sky beast hits you. The sky beast shocks you.
You bite the sky beast!
You kill the sky beast!
Dithmenos accepts your kill.
No target in view!
No target in view!
The gnoll shouts!
You hear a shout!
The gnoll shouts!
You hear a shout!
You hear a shout! x2
The gnoll completely misses you.
You hit the gnoll.
The gnoll is lightly wounded.
You hit the gnoll.
The gnoll is moderately wounded.
The gnoll barely misses you.
You bite the gnoll!
You kill the gnoll!
Dithmenos accepts your kill.
An ogre opens the door.
You hit the gnoll.
The gnoll is moderately wounded.
The gnoll misses you.
You bite the gnoll!
You kill the gnoll!
Dithmenos accepts your kill.
You bite the gnoll! You bite the gnoll, but do no damage.
The gnoll is severely wounded.
You bite the gnoll!
You kill the gnoll!
Dithmenos accepts your kill.
You hit the ogre but do no damage.
The ogre hits you with a +0 giant club!!
Ouch! That really hurt!
You die...

#..............
#...........#.
#...........#
#...........#.#
#..............
K...
#######.....#.#
K... #.#####.#
..... #.# #.
..... #b# #.
.....? #O# #.
#.....:
#.#####.#.......
'...g...<.......
#...............
#...............
#..g...........#
##.............#
########.......


You could see an ogre and a gnoll.

Vanquished Creatures
  2 water moccasins (D:5)
  A sky beast (D:7)
  2 black bears (D:4)
  4 ogres
  2 centaurs
  2 phantoms
  A kobold brigand (D:6)
  A scorpion (D:6)
  6 hounds
  3 orc priests
  A gnoll bouda (D:6)
  3 orc wizards
  Robin (D:3)
  8 gnolls
  10 adders
  A shadow imp (D:5)
  2 worms
  3 dart slugs
  18 orcs
  6 ball pythons
  6 endoplasms
  2 giant cockroaches (D:1)
  15 goblins
  10 hobgoblins
  2 jackals (D:2)
  14 kobolds
  5 quokkas
  5 bats
  2 frilled lizards
  9 rats
147 creatures vanquished.

Notes
Turn   | Place    | Note
-------+----------+-------------------------------------------
     0 | D:1      | holysushi the Vampire Monk began the quest for the Orb.
     0 | D:1      | Reached XP level 1. HP: 17/17 MP: 1/1
    94 | D:1      | Reached XP level 2. HP: 23/23 MP: 2/2
   118 | D:1      | Reached skill level 4 in Unarmed Combat
   247 | D:1      | Found a faded altar of an unknown god.
  1099 | D:2      | Gained mutation: You are afflicted with vampirism and can
                  | become a bat while bloodless. [Vampire growth]
  1099 | D:2      | Reached XP level 3. HP: 28/28 MP: 3/3
  1325 | D:2      | Found a shadowy altar of Dithmenos.
  1341 | D:2      | Became a worshipper of Dithmenos the Shadowed
  1341 | D:2      | Reached * piety under Dithmenos
  1341 | D:2      | Reached ** piety under Dithmenos
  1452 | D:2      | Reached skill level 5 in Unarmed Combat
  1693 | D:2      | Reached XP level 4. HP: 24/27 MP: 4/4
  1750 | D:2      | You are sucked into a shaft and drop 1 floor!
  1833 | D:3      | Noticed Robin
  2206 | D:3      | Killed Robin
  2233 | D:3      | HP: 1/27 [orc wizard/puff of flame (11)]
  2582 | D:3      | You are sucked into a shaft and drop 3 floors!
  2687 | D:6      | Found a shimmering blue altar of Sif Muna.
  2711 | D:6      | Noticed a water moccasin
  2730 | D:6      | Reached skill level 6 in Unarmed Combat
  2730 | D:6      | Reached XP level 5. HP: 26/31 MP: 5/5
  2753 | D:5      | Entered Level 5 of the Dungeon
  2836 | D:5      | Learned a level 2 spell: Call Imp
  2837 | D:4      | Noticed an ogre
  2847 | D:4      | Noticed a phantom
  2865 | D:4      | Noticed a black bear
  3372 | D:3      | Reached *** piety under Dithmenos
  3591 | D:4      | Killed a black bear
  3592 | D:4      | Reached skill level 1 in Evocations
  3592 | D:4      | Reached XP level 6. HP: 22/36 MP: 6/6
  3793 | D:4      | Noticed an orc warrior
  4159 | D:4      | Reached skill level 7 in Unarmed Combat
  4297 | D:4      | Reached XP level 7. HP: 40/40 MP: 7/7
  4441 | D:5      | Reached skill level 5 in Dodging
  4652 | D:5      | Found a staircase to the Ecumenical Temple.
  4663 | Temple   | Entered the Ecumenical Temple
  4807 | D:5      | Reached skill level 5 in Stealth
  5448 | D:5      | Reached skill level 8 in Unarmed Combat
  5756 | D:5      | Reached XP level 8. HP: 45/45 MP: 8/8
  5966 | D:6      | Found an ornate altar of the Wu Jian Council.
  5966 | D:6      | Found a hide-covered altar of Uskayaw.
  5968 | D:6      | Found a shimmering altar of Xom.
  5973 | D:6      | Reached **** piety under Dithmenos
  6442 | D:6      | Reached skill level 9 in Unarmed Combat
  8139 | D:7      | Slain by an ogre

Illustrated notes

Levels and vault maps discovered:
D:1:      ncdulo_lavacross, layout_basic, basic_ecumenical_altar
D:2:      layout_basic, basic_altar
D:3:      layout_rooms, uniq_robin
D:4:      layout_cave_pools
D:5:      layout_rooms, temple_hall
D:6:      layout_layer_cave, mainiacjoe_overflow_cross_hatched,
          grunt_temple_overflow_open, serial_glass, glass_columns_a,
          glass_columns_b, kennysheep_decorative_pillar, st_stairs_8,
          kb_lookout_dungeons_type, hangedman_decor_push
D:7:      layout_basic, uniq_pikel
Temple:   kb_temple_of_zot

Skill      XL: |  1  2  3  4  5  6  7  8 |
---------------+-------------------------+-----
Unarmed Combat | 4 5 6 7 8 9 |  9.9
Stealth        | 4 6 7 |  7.0
Dodging        | 4 5 6 |  6.3
Evocations     | 1 2 3 |  3.0
Fighting       | 4 |  4.0

Action                     |  1- 3 |  4- 6 |  7- 9 || total
---------------------------+-------+-------+-------++-------
  Melee: Unarmed           |   124 |   235 |   310 ||   669
         Bite              |     9 |    34 |    58 ||   101
         Punch             |     1 |       |       ||     1
Ability: Bat Form          |     1 |       |       ||     1
         Exsanguinate      |     1 |       |       ||     1
    Use: Potion            |       |     2 |       ||     2
         Scroll            |       |       |    15 ||    15
   Stab: Sleeping          |    16 |    13 |     8 ||    37
         Distracted        |       |     2 |     1 ||     3
 Armour: Robe              |     9 |       |       ||     9
  Dodge: Dodged            |    80 |   197 |   232 ||   509

Table legend: (Time is in decaauts)
 A = Elapsed time spent in this place.
 B = Non-inter-level travel time spent in this place.
 C = Inter-level travel time spent in this place.
 D = Time resting spent in this place.
 E = Time spent auto-exploring this place.
 F = Levels seen in this place.
 G = Mean time per level.
                   A        B        C        D        E       F      G
               +--------+--------+--------+--------+--------+-----+--------+
         Total |   6569 |   6340 |    229 |   2127 |   2435 |   8 |  821.1 |
       Dungeon |   6504 |   6285 |    219 |   2127 |   2387 |   7 |  929.1 |
        Temple |     64 |     54 |     10 |      0 |     48 |   1 |   64.0 |
               +--------+--------+--------+--------+--------+-----+--------+

Top non-repeatable levels by time:
     D:4: 1175 daAuts
     D:2: 1140 daAuts
     D:5: 1135 daAuts
     D:6: 1118 daAuts
     D:1: 1052 daAuts
     D:3: 607 daAuts
     D:7: 276 daAuts
  Temple: 64 daAuts
